 Dungeon Crawl Stone Soup version 0.20.0-15-g7f486f2 (webtiles) character file.

105 Omegatherion the Skirmisher (level 4, -1/30 HPs)
             Began as a Gargoyle Fighter on June 29, 2017.
             Slain by Omegatherion's ghost (11 damage)
             ... on level 3 of the Dungeon.
             The game lasted 00:02:15 (1511 turns).

Omegatherion the Skirmisher (Gargoyle Fighter)      Turns: 1511, Time: 00:02:15

Health: -1/30      AC: 10    Str: 21    XL:     4   Next: 83%
Magic:  4/4        EV:  7    Int:  8    God:
Gold:   99         SH:  9    Dex:  9    Spells: 3/3 levels left

rFire    . . .     SeeInvis .   a - +0 flail
rCold    . . .     Gourm    .   c - +0 shield
rNeg     + . .     Faith    .   b - +0 scale mail
rPois    ∞         Spirit   .   (no helmet)
rElec    +         Reflect  .   (no cloak)
rCorr    .         Harm     .   (no gloves)
MR       .....                  (no boots)
Stlth    ..........             (no amulet)
Regen    0.1/turn               (no ring)
MPRegen  0.1/turn               (no ring)

@: no status effects
A: negative energy resistance 1, electricity resistance, unbreathing,
petrification resistance, rot immunity, AC +3
a: no special abilities


You were on level 3 of the Dungeon.
You were not hungry.

You visited 1 branch of the dungeon, and saw 3 of its levels.

You collected 99 gold pieces.

Inventory:

Hand Weapons
 a - a +0 flail (weapon)
Armour
 b - a +0 scale mail (worn)
 c - a +0 shield (worn)
Jewellery
 g - an uncursed amulet of regeneration {unknown}
Scrolls
 e - a scroll of magic mapping {unknown}
 i - a scroll of remove curse {unknown}
 l - a scroll of recharging {unknown}
 m - 2 scrolls of identify {unknown}
 n - a scroll of blinking {unknown}
Potions
 d - 2 potions of might
 h - a potion of mutation {unknown}
Comestibles
 f - 2 bread rations
 j - 2 fruits
 k - a royal jelly
 o - 2 chunks of flesh


   Skills:
 + Level 4.7 Fighting
 + Level 3.7 Maces & Flails
 - Level 3.2 Armour
 - Level 3.2 Shields


You had 3 spell levels left.
You didn't know any spells.

Dungeon Overview and Level Annotations

Branches:
Dungeon (3/15)

Altars:

Annotations:
D:3 Omegatherion's ghost, amateur GrFi


Innate Abilities, Weirdness & Mutations

You are resistant to torment.
Your stone body is resilient. (AC +3)
You are immune to poison.
You resist negative energy. (rN+)
You are resistant to electric shocks. (rElec)
You can survive without breathing.
You are immune to petrification.
You are immune to rotting.


Message History

You block Omegatherion's ghost's attack.
You hit Omegatherion's ghost.
Omegatherion's ghost is lightly damaged.
You block Omegatherion's ghost's attack.
You closely miss Omegatherion's ghost.
Omegatherion's ghost is lightly damaged.
Omegatherion's ghost hits you!
You hit Omegatherion's ghost but do no damage.
Omegatherion's ghost is lightly damaged.
You block Omegatherion's ghost's attack. x2
You closely miss Omegatherion's ghost.
Omegatherion's ghost is lightly damaged.
Omegatherion's ghost hits you.
You barely miss Omegatherion's ghost.
Omegatherion's ghost is lightly damaged.
Omegatherion's ghost barely misses you.
You hit Omegatherion's ghost but do no damage.
Omegatherion's ghost is lightly damaged.
Omegatherion's ghost hits you! x2
You die...

#... #... .##
..# .. # #
#.###..###
..#.###...
.....
#........##..#
###..........#
..?...W@.....#
?######.#.####
#.#<# #.#.#
..#(# ###.#
#.# #.# #.#


You could see Omegatherion's ghost.

Vanquished Creatures
  Jessica (D:2)
  2 adders (D:2)
  An ooze (D:2)
  A leopard gecko (D:2)
  4 giant cockroaches
  6 goblins
  7 hobgoblins
  8 jackals
  5 kobolds
  6 bats
  8 frilled lizards
  5 rats
54 creatures vanquished.

Notes
Turn   | Place    | Note
-------+----------+-------------------------------------------
     0 | D:1      | Omegatherion the Gargoyle Fighter began the quest for the Orb.
     0 | D:1      | Reached XP level 1. HP: 14/14 MP: 1/1
   251 | D:1      | Reached XP level 2. HP: 16/19 MP: 2/2
   377 | D:1      | Reached skill level 4 in Fighting
   487 | D:1      | Reached XP level 3. HP: 24/24 MP: 3/3
   708 | D:2      | Noticed Jessica
   750 | D:2      | Killed Jessica
   750 | D:2      | Reached XP level 4. HP: 29/30 MP: 4/4
  1500 | D:3      | Noticed Omegatherion's ghost (amateur GrFi)
  1511 | D:3      | Slain by Omegatherion's ghost

Skill      XL: |  1  2  3 |
---------------+----------+-----
Fighting       | 4 |  4.7
Maces & Flails | 3 |  3.7
Armour         | |  3.2
Shields        | |  3.2

Action                   |  1- 3 |  4- 6 || total
-------------------------+-------+-------++-------
Melee: Flail             |   121 |    80 ||   201
  Eat: Chunk             |       |     2 ||     2
Armor: Scale mail        |   100 |    40 ||   140
Dodge: Dodged            |    56 |    16 ||    72
Block: Shield            |    69 |    41 ||   110
